 Dungeon Crawl Stone Soup version 0.19.0-19-g8c6edcc (webtiles) character file.

95 lorenzova the Chopper (level 4, -4/44 HPs)
             Began as a Deep Dwarf Fighter on Nov 14, 2016.
             Slain by Sigmund
             ... wielding a cursed -2 scythe
              (5 damage)
             ... on level 3 of the Dungeon.
             The game lasted 00:02:02 (1988 turns).

lorenzova the Chopper (Deep Dwarf Fighter)          Turns: 1988, Time: 00:02:03

Health: -4/44      AC:  6    Str: 20    XL:     4   Next: 40%
Magic:  4/4        EV:  7    Int:  9    God:
Gold:   55         SH:  9    Dex: 12    Spells: 0 memorised, 3 levels left

rFire  . . .     SeeInvis .     a - +0 war axe
rCold  . . .     Gourm    +     b - +0 scale mail
rNeg   . . .     Faith    .     c - +0 shield
rPois  .         Spirit   .     (no helmet)
rElec  .         Reflect  .     (no cloak)
rCorr  .         Harm     .     (no gloves)
MR     +....                    (no boots)
Stlth  ..........               k - amulet of the gourmand
                                (no ring)
                                h - ring of protection from magic

@: non-regenerating
A: damage resistance, recharge devices, sense surroundings 1, slow regeneration
3
a: Device Recharging


You were on level 3 of the Dungeon.
You were very full.

You visited 1 branch of the dungeon, and saw 3 of its levels.

You collected 55 gold pieces.

Inventory:

Hand Weapons
 a - a +0 war axe (weapon)
Armour
 b - a +0 scale mail (worn)
 c - a +0 shield (worn)
Jewellery
 h - a ring of protection from magic (left hand)
 k - an amulet of the gourmand (around neck)
Wands
 e - a wand of heal wounds (4/9)
Scrolls
 g - 5 scrolls of remove curse {unknown}
 i - a scroll of identify {unknown}
 l - a scroll of blinking {unknown}
 o - a scroll of fog {unknown}
 r - 2 scrolls of enchant armour {unknown}
Potions
 d - a potion of might
 j - a potion of beneficial mutation {unknown}
 m - a potion of brilliance {unknown}
 p - a potion of curing {unknown}
 q - a potion of berserk rage {unknown}
 s - a potion of flight {unknown}
 t - a potion of lignification {unknown}
Comestibles
 f - 2 bread rations
 n - 2 meat rations


   Skills:
 + Level 3.7 Fighting
 + Level 4.1 Axes
 - Level 3.2 Armour
 - Level 3.2 Shields


You had 3 spell levels left.
You didn't know any spells.

Dungeon Overview and Level Annotations

Branches:
Dungeon (3/15)

Altars:
Dithmenos

Annotations:
D:3 Sigmund


Innate Abilities, Weirdness & Mutations

You are resistant to damage.
You can recharge devices by infusing magical energy.
You passively map a small area around you.
You do not regenerate.


Message History

You barely miss something. Something hits you!
* * * LOW HITPOINT WARNING * * *
You barely miss something. Something hits you but does no damage.
Your scale mail prevents you from hitting something.
You hear some strange, mumbled words.
A magic dart appears from out of thin air!
The magic dart hits you!
* * * LOW HITPOINT WARNING * * *
You barely miss something. Something hits you but does no damage.
You closely miss something. Something hits you but does no damage.
You barely miss something. Something hits you.
* * * LOW HITPOINT WARNING * * *
You miss something. You block something's attack.
Your shield prevents you from hitting something.
Something hits you.
* * * LOW HITPOINT WARNING * * *
You miss something. Something hits you.
* * * LOW HITPOINT WARNING * * *
You completely miss something. Something hits you!
You die...

** ### * * * *
#..,, ,, #.# * * *
#.# , #####
#.#####.#######,
#....
#........>..@..
#.###
#{#############.#
*
#.@...........#.#
*
*#############.#.#
* * ,* #.#)# *
#.#.# ,, ,,<
**######.#.### , ,
, ............. ,
* #######.#.### ,
#.#.# , ** *
#.#.#,


There were no monsters in sight!

Vanquished Creatures
  An adder (D:3)
  3 worms
  3 dart slugs (D:1)
  A leopard gecko (D:3)
  6 orcs (D:3)
  5 bats (D:1)
  3 giant cockroaches
  8 goblins
  11 hobgoblins
  3 jackals (D:3)
  8 kobolds
  A ball python (D:3)
  A frilled lizard (D:1)
  4 rats
58 creatures vanquished.

Notes
Turn   | Place    | Note
-------+----------+-------------------------------------------
     0 | D:1      | lorenzova the Deep Dwarf Fighter began the quest for the Orb.
     0 | D:1      | Reached XP level 1. HP: 20/20 MP: 1/1
   205 | D:1      | Reached XP level 2. HP: 26/28 MP: 2/2
   368 | D:1      | Reached XP level 3. HP: 19/34 MP: 3/3
   839 | D:2      | Found a shadowy altar of Dithmenos.
   935 | D:2      | Reached skill level 3 in Axes
   963 | D:2      | Found a faded altar of an unknown god.
  1733 | D:3      | Reached XP level 4. HP: 18/44 MP: 4/4
  1915 | D:3      | Reached skill level 4 in Axes
  1971 | D:3      | Noticed Sigmund
  1987 | D:3      | HP: 1/44 [something (4)]
  1988 | D:3      | Slain by Sigmund

Skill      XL: |  1  2  3  4 |
---------------+-------------+-----
Fighting       | 3 |  3.7
Axes           | 3 4 |  4.1
Armour         | |  3.2
Shields        | |  3.2

Action                   |  1- 3 |  4- 6 || total
-------------------------+-------+-------++-------
Melee: War axe           |   127 |    56 ||   183
Evoke: Wand              |       |     1 ||     1
  Eat: Chunk             |    14 |       ||    14
Armor: Scale mail        |    60 |    21 ||    81
Dodge: Dodged            |    35 |    10 ||    45
Block: Shield            |    58 |    22 ||    80
